 Dungeon Crawl Stone Soup version 0.31.0-32-g396128a36d (webtiles) character file.

Game seed: 10655785434754571876

51 PaiMei the Grave Robber (level 3, 0/26 HPs)
             Began as a Demonspawn Necromancer on Apr 24, 2024.
             Slain by a sleepcap (6 damage)
             ... on level 3 of the Dungeon.
             The game lasted 00:02:16 (1855 turns).

PaiMei the Grave Robber (Demonspawn Necromancer)    Turns: 1855, Time: 00:02:16

Health: 0/26       AC:  4    Str:  8    XL:     3   Next: 58%
Magic:  2/6        EV:  2    Int: 17    God:
Gold:   108        SH:  0    Dex: 16    Spells: 3/7 levels left

rFire   . . .        g - +1 dagger (flame)
rCold   . . .        (no shield)
rNeg    . . .        a - +0 robe
rPois   .            (no helmet)
rElec   .            m - +1 cloak of Hopscotch {Dex+3}
rCorr   .            (no gloves)
SInv    .            (no boots)
Will    +....        (no amulet)
Stlth   ++           f - ring of willpower
HPRegen 0.24/turn    (no ring)
MPRegen 0.20/turn

%: no passive effects
@: sleeping
A: magic regeneration, demonic touch 1
a: no special abilities


You were on level 3 of the Dungeon.
You visited 1 branch of the dungeon, and saw 3 of its levels.

You collected 108 gold pieces.

Inventory:

Hand Weapons
 g - a +1 dagger of flaming (weapon)
Missiles
 c - 3 poisoned darts
 k - 3 curare-tipped darts (quivered)
Armour
 a - a +0 robe (worn)
 m - the +1 cloak of Hopscotch (worn) {Dex+3}
   (You found it on level 2 of the Dungeon)

   Dex+3:     It affects your dexterity (+3).
Jewellery
 f - a ring of willpower (left hand)
 o - a ring of resist corrosion
Scrolls
 d - 2 scrolls of identify {unknown}
 h - a scroll of silence {unknown}
 j - a scroll of acquirement {unknown}
 l - a scroll of enchant armour {unknown}
 n - a scroll of noise {unknown}
Potions
 b - a potion of magic
 e - a potion of resistance {unknown}
 i - a potion of haste {unknown}


   Skills:
 + Level 1.2 Fighting
 + Level 2.3 Dodging
 - Level 2.0 Stealth
 + Level 2.5 Spellcasting
 + Level 4.8 Necromancy


You had 3 spell levels left.
You knew the following spells:

 Your Spells              Type           Power      Damage    Failure   Level
a - Necrotise             Necr           72%        1d7       2%          1
b - Vampiric Draining     Necr           18%        2d7       8%          3

Your spell library contained the following spells:

 Spells                   Type           Power      Damage    Failure   Level
 Animate Dead             Necr           18%        N/A       26%         4
 Curse of Agony           Necr           18%        N/A       56%         5


Dungeon Overview and Level Annotations

Branches:
Dungeon (3/15)

Altars:
Nemelex Xobeh


Innate Abilities, Weirdness & Mutations

You regenerate magic rapidly.
Your touch may inflict minor irresistible damage on your foes.


Message History

The sleepcap writhes in agony.
Casting: Necrotise (safe; 2% risk of failure)
Confirm with . or Enter, or press ? or * to list all spells.
Aiming: Necrotise (safe; 2% risk of failure)
Press: ? - help, Shift-Dir - straight line, f/p - sleepcap
Aim: a sleepcap (lightly damaged, chance to affect: 83%)
The sleepcap barely resists.
Casting: Necrotise (safe; 2% risk of failure)
Confirm with . or Enter, or press ? or * to list all spells.
Aiming: Vampiric Draining (quite dangerous; 8% risk of failure)
Press: ? - help, Shift-Dir - straight line, f/p - sleepcap
Aim: a sleepcap (lightly damaged)
You draw life force from the sleepcap!
The sleepcap closely misses you.
You hit the sleepcap but do no damage.
The sleepcap is heavily damaged.
The sleepcap releases spores at you.
You are engulfed in a cloud of soporific spores!
You fall asleep.
The sleepcap releases spores at you.
You wake up.
Casting: Vampiric Draining (quite dangerous; 8% risk of failure)
Confirm with . or Enter, or press ? or * to list all spells.
Aiming: Necrotise (safe; 2% risk of failure)
Press: ? - help, Shift-Dir - straight line, f/p - sleepcap
Aim: a sleepcap (moderately damaged, chance to affect: 83%)
The sleepcap writhes in agony.
The sleepcap releases spores at you.
You are engulfed in a cloud of soporific spores!
You are unaffected.
You hit the sleepcap but do no damage.
The sleepcap is heavily damaged.
The sleepcap releases spores at you.
You hit the sleepcap but do no damage.
The sleepcap is heavily damaged.
The sleepcap releases spores at you. The sleepcap attacks as it pursues you!
The sleepcap closely misses you. The sleepcap attacks as it pursues you!
The sleepcap releases spores at you.
* * * LOW HITPOINT WARNING * * *
You are engulfed in a cloud of soporific spores!
You fall asleep.
The sleepcap releases spores at you.
You die...

#### ###### #...
..... ... ...# #
#.#####..##.##
#.##.###.##.........#
#........##.##.#
#.....@f.# #.###.####
#.###.### ###
####..<..... ..#
#........... #.#
#.#####..... #.#
####.# #.....# #.#
#....# #.....#
####.#### #.##.# #.
... #....<..#


You could see a sleepcap.

Vanquished Creatures
  2 adders (D:2)
  3 ball pythons
  An endoplasm (D:1)
  4 giant cockroaches
  A goblin (D:1)
  5 hobgoblins
  A quokka (D:3)
  3 bats
  2 frilled lizards (D:2)
  5 kobolds
  5 rats
32 creatures vanquished.

Notes
Turn   | Place    | Note
-------+----------+-------------------------------------------
     0 | D:1      | PaiMei the Demonspawn Necromancer began the quest for the
                  | Orb.
     0 | D:1      | Reached XP level 1. HP: 13/13 MP: 3/3
   318 | D:1      | Found a faded altar of an unknown god.
   457 | D:1      | Gained mutation: Your touch may inflict minor irresistible
                  | damage on your foes. [demonic ancestry]
   457 | D:1      | Reached XP level 2. HP: 19/19 MP: 3/5
  1104 | D:2      | Gained mutation: You regenerate magic rapidly. [demonic
                  | ancestry]
  1104 | D:2      | Reached XP level 3. HP: 25/25 MP: 3/6
  1165 | D:2      | Learned a level 3 spell: Vampiric Draining
  1285 | D:2      | Found a sparkling altar of Nemelex Xobeh.
  1311 | D:2      | Reached skill level 1 in Fighting
  1409 | D:2      | Identified the +1 cloak of Hopscotch {Dex+3}
  1855 | D:3      | Slain by a sleepcap

Illustrated notes

Levels and vault maps discovered:
D:1:      saegor_arrival_simple_e, layout_basic,
          dreamdust_ecumenical_altar_angels_and_demons
D:2:      layout_basic, basic_altar
D:3:      layout_loops_cross, kennysheep_nub, uniq_robin, uniq_terence

Skill      XL: |  1  2  3 |
---------------+----------+-----
Stealth        | 2 |  2.0
Dodging        | 2 |  2.3
Fighting       | 1 |  1.2
Spellcasting   | |  2.5
Necromancy     | |  4.8

Action                     || total
---------------------------++-------
  Melee: Short sword       ||     5
         Dagger            ||    10
         Touch             ||     1
   Cast: Necrotise         ||    53
         Vampiric Draining ||     1
 Armour: Robe              ||    16
  Dodge: Dodged            ||    14
